 Dungeon Crawl Stone Soup version 0.31.0-11-ge490571c62 (webtiles) character file.

Game seed: 17292208710269166956

222 jasper the Slasher (level 5, -10/46 HPs)
             Began as an Armataur Berserker on Jan 28, 2024.
             Was a Believer of Trog.
             Mangled by a gnoll
             ... wielding a +0 halberd
             ... led by a gnoll bouda
              (12 damage)
             ... on level 4 of the Dungeon.
             The game lasted 00:05:14 (2412 turns).

jasper the Slasher (Armataur Berserker)             Turns: 2412, Time: 00:05:15

Health: -10/46     AC:  7    Str: 28    XL:     5   Next: 66%
Magic:  5/5        EV:  9    Int:  7    God:    Trog [**....]
Gold:   108        SH:  0    Dex: 12    Spells: 4/4 levels left

rFire   + . .        s - +4 long sword
rCold   . . .        (no shield)
rNeg    . . .        i - +0 leather armour
rPois   .            (no helmet)
rElec   .            p - +2 cloak {rCorr}
rCorr   +            (no gloves)
SInv    .            (no barding)
Will    .....        (no amulet)
Stlth   +            c - +6 ring of strength
HPRegen 0.27/turn    r - +4 ring of slaying
MPRegen 0.75/turn

%: roll
@: no status effects
A: large, deformed body, tough skin 3, armoured tail, roll 1, fire resistance 1,
mutation resistance 1, robust 1
a: Renounce Religion, Berserk, Trog's Hand


You were on level 4 of the Dungeon.
You worshipped Trog.
Trog was pleased with you.
You visited 1 branch of the dungeon, and saw 4 of its levels.

You collected 108 gold pieces.

Inventory:

Hand Weapons
 a - a +0 falchion
 e - a +0 rapier
 s - a +4 long sword (weapon)
Missiles
 d - 23 stones (quivered)
 k - 3 boomerangs
 q - 6 curare-tipped darts
Armour
 b - a +0 animal skin
 i - a +0 leather armour (worn)
 p - a +2 cloak of preservation (worn)
Jewellery
 c - a +6 ring of strength (left hand)
 r - a +4 ring of slaying (right hand)
Scrolls
 h - a scroll of teleportation {unknown}
 m - a scroll of acquirement {unknown}
 o - a scroll of blinking
 t - 2 scrolls of identify {unknown}
Potions
 f - a potion of resistance {unknown}
 g - 2 potions of mutation
 j - a potion of heal wounds {unknown}
 l - a potion of haste {unknown}
 n - a potion of ambrosia {unknown}


   Skills:
 - Level 2.6 Fighting
 + Level 5.9 Long Blades
 - Level 2.4 Armour
 - Level 1.3 Dodging


You had 4 spell levels left.
You didn't know any spells.
Your spell library was empty.

Dungeon Overview and Level Annotations

Branches:
Dungeon (4/15)
 Temple: D:4-7

Altars:
Kikubaaqudgha

Shops:
D:4 (

Annotations:
D:1 2 transporters
D:3 Grinder


Innate Abilities, Weirdness & Mutations

Armour fits poorly on your strangely shaped body.
You have extremely tough skin. (AC +3)
You have a long armoured tail.
You regenerate magic when rolling toward enemies. (Rampage MPRegen)
Your flesh is heat resistant. (rF+)
You are somewhat resistant to further mutation.
You are robust. (+10% HP)


Message History

The gnoll throws a poisoned dart.
The poisoned dart hits you!
You are poisoned.
You feel sick.
The gnoll bouda attacks as it pursues you!
The gnoll bouda barely misses you.
You feel sick.
You feel sick.
You feel sick.
The gnoll bouda barks out a call to the hunt!
Your attacks no longer feel as feeble.
You feel sick.
You feel sick.
You feel sick.
You are no longer poisoned.
You see here a +0 halberd.
You roll towards the gnoll bouda!
You barely miss the gnoll bouda. You tail-slap the gnoll bouda.
The gnoll bouda is moderately wounded.
The gnoll bouda hits you with a +0 club.
You barely miss the gnoll bouda. You tail-slap the gnoll bouda.
The gnoll bouda is heavily wounded.
The gnoll hits you from afar with a +0 halberd!
The gnoll bouda hits you with a +0 club.
You hit the gnoll bouda. You tail-slap the gnoll bouda.
The gnoll bouda is almost dead.
The gnoll closely misses you.
The gnoll bouda hits you with a +0 club.
You closely miss the gnoll bouda.
The gnoll bouda is almost dead.
The gnoll hits you from afar with a +0 halberd.
The gnoll bouda hits you with a +0 club.
* * * LOW HITPOINT WARNING * * *
The gnoll hits you from afar with a +0 halberd!
* * * LOW HITPOINT WARNING * * *
Okay, then.
It was a potion of mutation.
You feel extremely strange.
You feel resistant to heat.
You feel robust.
You feel genetically stable.
The gnoll bouda hits you but does no damage.
The gnoll hits you from afar with a +0 halberd!
You die...

#.................
#.#...............
#.#...............
#.#...............
#.#...............
#g................
#g#...............
#g#...............
#@#...............
#.#...............
#.........########
###########


You could see a gnoll bouda and 2 gnolls.

Vanquished Creatures
  A hound (D:4)
  A jelly (D:4)
  A bombardier beetle (D:4)
  Crazy Yiuf (D:2)
  Jessica (D:2)
  2 gnolls (D:4)
  An adder (D:4)
  A dart slug (D:1)
  4 ball pythons
  3 endoplasms
  A giant cockroach (D:1)
  6 hobgoblins
  4 kobolds
  6 quokkas
  4 bats
  A frilled lizard (D:2)
  7 goblins
  5 rats
50 creatures vanquished.

Notes
Turn   | Place    | Note
-------+----------+-------------------------------------------
     0 | D:1      | jasper the Armataur Berserker began the quest for the Orb.
     0 | D:1      | Reached XP level 1. HP: 18/18 MP: 1/1
   172 | D:1      | Reached skill level 3 in Long Blades
   293 | D:1      | Reached XP level 2. HP: 25/25 MP: 2/2
   726 | D:2      | Reached XP level 3. HP: 27/30 MP: 3/3
   872 | D:2      | Reached ** piety under Trog
   873 | D:2      | Reached skill level 4 in Long Blades
  1030 | D:2      | Noticed Jessica
  1036 | D:2      | Killed Jessica
  1040 | D:2      | Reached XP level 4. HP: 27/37 MP: 4/4
  1614 | D:2      | Found a runed translucent door.
  1615 | D:2      | Noticed Crazy Yiuf
  1622 | D:2      | Killed Crazy Yiuf
  1785 | D:3      | Noticed Grinder
  1913 | D:4      | Reached skill level 5 in Long Blades
  1928 | D:4      | Found Yheovvob's Weapon Shoppe.
  1977 | D:4      | Found an ancient bone altar of Kikubaaqudgha.
  2099 | D:4      | Reached XP level 5. HP: 41/42 MP: 5/5
  2411 | D:4      | HP: 2/42 [gnoll/+0 halberd[a gnoll bouda] (9)]
  2412 | D:4      | Gained mutation: Your flesh is heat resistant. (rF+)
                  | [potion of mutation]
  2412 | D:4      | Gained mutation: You are robust. (+10% HP) [potion of
                  | mutation]
  2412 | D:4      | Gained mutation: You are somewhat resistant to further
                  | mutation. [potion of mutation]
  2412 | D:4      | Mangled by a gnoll

Illustrated notes

Levels and vault maps discovered:
D:1:      spicycebolla_arrival_transporter_tutorial, layout_basic,
          minmay_misc_feat_columns
D:2:      layout_basic, nicolae_kite_square_tiling_tiny, minmay_liquid_box,
          uniq_crazy_yiuf_cottage, uniq_jessica
D:3:      layout_loops_ring, biasface_ghost_orc_armoury, uniq_grinder, uniq_ijyb
D:4:      minmay_wonky_spiral, layout_rooms, kiku_gazebo_garden_becter,
          serial_shops, nicolae_shop_hallway_plus, nicolae_eternal_life,
          wad_floor_pattern_1

Skill      XL: |  1  2  3  4 |
---------------+-------------+-----
Long Blades    | 3 4 5 |  5.9
Fighting       | |  2.6
Armour         | |  2.4
Dodging        | |  1.3

Action                     |  1- 3 |  4- 6 || total
---------------------------+-------+-------++-------
  Melee: Falchion          |   110 |    34 ||   144
         Tailslap          |    10 |    11 ||    21
         Long sword        |       |    20 ||    20
  Throw: Stone             |     1 |     1 ||     2
 Invoke: Berserk           |       |     2 ||     2
    Use: Scroll            |     2 |       ||     2
         Potion            |       |     1 ||     1
 Armour: Animal skin       |    67 |       ||    67
         Leather armour    |       |    47 ||    47
  Dodge: Dodged            |    51 |    20 ||    71
